 Dungeon Crawl Stone Soup version 0.17-a0-764-gd40c196 (webtiles) character file.

226 karvarausku the Insei (level 5, -2/40 HPs)
             Began as a Draconian Transmuter on Apr 23, 2015.
             Slain by an ogre
             ... wielding a +0 giant club
              (15 damage)
             ... on level 4 of the Dungeon.
             The game lasted 00:08:38 (3330 turns).

karvarausku the Insei (Draconian Transmuter)        Turns: 3330, Time: 00:08:38

Health: -2/40      AC:  5    Str: 16    XL:     5   Next: 69%
Magic:  9/9        EV: 12    Int: 14    God:
Gold:   113        SH:  0    Dex: 12    Spells: 2 memorised, 6 levels left

rFire  . . .     SeeInvis .       - Unarmed
rCold  . . .     Clarity  .     (armour unavailable)
rNeg   . . .     SustAb   .     (no shield)
rPois  .         Gourm    .     (helmet restricted)
rElec  .         Spirit   .     (no cloak)
rCorr  .         Warding  .     (no gloves)
rMut   .         Stasis   .     (no boots)
MR     .....                    (no amulet)
Stlth  +.........               (no ring)
                                m - +4 ring of strength

@: not resistant to hostile enchantments, very unstealthy
A: unfitting armour, cold-blooded, AC +5
a: no special abilities


You were on level 4 of the Dungeon.
You were not hungry.

You visited 1 branch of the dungeon, and saw 4 of its levels.

You collected 113 gold pieces.

Inventory:

Missiles
 a - 53 arrows
Jewellery
 m - a +4 ring of strength (left hand)
 v - an uncursed ring of stealth {unknown}
Magical devices
 n - a wand of slowing (15)
 u - a wand of enslavement (8)
Scrolls
 d - a scroll of blinking {unknown}
 e - 3 scrolls of identify {unknown}
 h - 2 scrolls of remove curse
 j - a scroll of teleportation {unknown}
 l - 3 scrolls of random uselessness
 s - a scroll of amnesia {unknown}
Potions
 i - 2 potions of heal wounds
 k - a potion of invisibility {unknown}
 o - a potion of lignification {unknown}
 p - a potion of poison {unknown}
 q - a potion of curing {unknown}
 r - a potion of ambrosia {unknown}
 t - 2 potions of magic {unknown}
Books
 b - a book of Changes

   Spells                             Type                      Level
   a - Beastly Appendage              Transmutation                1
   b - Sticks to Snakes               Transmutation                2
   c - Spider Form                    Transmutation/Poison         3
   d - Ice Form                       Ice/Transmutation            4
   e - Blade Hands                    Transmutation                5
Comestibles
 c - 4 bread rations
 f - 2 meat rations
 g - 2 beef jerkies
 w - 6 chunks of flesh
 x - 4 fruits


   Skills:
 - Level 1.1 Fighting
 - Level 1.7 Dodging
 - Level 4.8 Unarmed Combat
 + Level 3.0 Spellcasting
 * Level 3.9 Transmutations


You had 6 spell levels left.
You knew the following spells:

 Your Spells              Type           Power        Failure   Level  Hunger
a - Beastly Appendage     Trmt           ##....       4%          1    #......
b - Spider Form           Trmt/Pois      #.........   30%         3    ###....


Dungeon Overview and Level Annotations

Branches:
Dungeon (4/15)
 Temple: D:4-7

Altars:
Cheibriados
Gozag


Innate Abilities, Weirdness & Mutations

Your plain brown scales are hard (AC +5).
Your body does not fit into most forms of armour.
You are cold-blooded and may be slowed by cold attacks.


Message History

Casting: Beastly Appendage
Confirm with . or Enter, or press ? or * to list all spells.
You grow a pair of large bovine horns.
An ogre comes into view. It is wielding a giant club.
The ogre shouts!
Found a stone staircase leading down.
You closely miss the giant newt. The giant newt bites you.
You punch the giant newt!
You kill the giant newt!
You hit the ogre. You tail-slap the ogre.
The ogre is lightly wounded.
The ogre hits you with a giant club!!
* * * LOW HITPOINT WARNING * * *
You are too injured to fight recklessly!
Your transformation is almost over.
You see here 17 stones.
Your horns disappear.
There is a stone staircase leading up here.
The ogre hits you with a giant club!
You die...

#.## #..# ##.#
#.# #(# #<#
##.## #..O#
###.#@###
#...#...########
#.#####.[.......
#...#...########
###.#.### #...#
#####


You could see an ogre.

Vanquished Creatures
  A giant frog skeleton (D:4)
  A hound (D:4)
  An orc wizard (D:3)
  4 adders
  An ooze (D:2)
  4 worms
  3 giant geckos
  4 orcs (D:3)
  3 bats
  11 goblins
  12 hobgoblins
  6 jackals
  4 giant cockroaches
  4 giant newts
  12 kobolds
  13 rats
84 creatures vanquished.

Vanquished Creatures (collateral kills)
  A jackal (D:3)
1 creature vanquished.

Grand Total: 85 creatures vanquished

Notes
Turn   | Place    | Note
--------------------------------------------------------------
     0 | D:1      | karvarausku, the Draconian Transmuter, began the quest for the Orb.
     0 | D:1      | Reached XP level 1. HP: 16/16 MP: 3/3
   296 | D:1      | Reached XP level 2. HP: 15/23 MP: 5/5
   707 | D:1      | Reached skill level 4 in Unarmed Combat
   950 | D:2      | Reached XP level 3. HP: 28/28 MP: 3/6
  1372 | D:2      | Learned a level 3 spell: Spider Form
  1736 | D:2      | Reached XP level 4. HP: 23/35 MP: 0/7
  2303 | D:3      | Found a snail-covered altar of Cheibriados.
  2312 | D:3      | Found an opulent altar of Gozag.
  2970 | D:3      | Reached XP level 5. HP: 28/40 MP: 6/8
  3305 | D:4      | Noticed an ogre
  3330 | D:4      | Slain by an ogre

Action                   |  1- 3 |  4- 6 || total
-------------------------+-------+-------++-------
Melee: Unarmed           |   160 |   153 ||   313
 Cast: Beastly Appendage |    18 |    12 ||    30
       Spider Form       |       |     4 ||     4
Evoke: Wand              |       |     1 ||     1
  Use: Scroll            |     3 |     1 ||     4
       Potion            |     2 |       ||     2
 Stab: Sleeping          |     1 |     1 ||     2
  Eat: Chunk             |     3 |     7 ||    10
